 Dungeon Crawl Stone Soup version 0.29.1-15-g9cfb28693d (webtiles) character file.

Game seed: 1149751483424862359

546 KittyFluff the Cudgeller (level 7, -8/44 HPs)
             Began as a Gargoyle Berserker on Apr 9, 2023.
             Was a Priest of Trog.
             Splashed by a jelly's acid (10 damage)
             ... on level 4 of the Dungeon.
             The game lasted 00:15:09 (4515 turns).

KittyFluff the Cudgeller (Gargoyle Berserker)       Turns: 4515, Time: 00:15:09

Health: -8/44      AC: -6    Str: 20    XL:     7   Next: 28%
Magic:  7/7        EV: 12    Int:  8    God:    Trog [***...]
Gold:   133        SH:  0    Dex: 11    Spells: 6/6 levels left

rFire   . . .      SeeInvis .   a - +0 mace
rCold   . . .      Faith    .   (no shield)
rNeg    + . .      Spirit   .   k - +0 leather armour
rPois   ∞          Reflect  .   B - +2 hat
rElec   +          Harm     .   p - +0 cloak
rCorr   .          Rampage  .   r - +1 pair of gloves
Will    .....                   (no boots)
Stlth   +.........              i - amulet of the acrobat
HPRegen 0.14/turn               (no ring)
MPRegen 0.10/turn               (no ring)

@: corroded
A: sickness immunity, AC +4, negative energy resistance 1, electricity
resistance, torment resistance 1, petrification resistance
a: Renounce Religion, Berserk, Trog's Hand


You were on level 4 of the Dungeon.
You worshipped Trog.
Trog was most pleased with you.
You visited 1 branch of the dungeon, and saw 4 of its levels.

You collected 133 gold pieces.

Inventory:

Hand Weapons
 a - a +0 mace (weapon)
 l - a +0 sling
 y - a +0 sling
Missiles
 e - 29 stones (quivered)
 n - 12 poisoned darts
 q - a throwing net
Armour
 k - a +0 leather armour (worn)
 m - a +0 helmet
 p - a +0 cloak (worn)
 r - a +1 pair of gloves (worn)
 B - a +2 hat (worn)
Jewellery
 i - an amulet of the acrobat (around neck)
 z - a ring of magical power
Wands
 F - a wand of flame (10)
Scrolls
 b - a scroll of summoning {unknown}
 c - 2 scrolls of teleportation {unknown}
 d - 2 scrolls of vulnerability {unknown}
 g - a scroll of silence {unknown}
 j - a scroll of enchant weapon {unknown}
 t - 2 scrolls of identify {unknown}
 E - a scroll of acquirement {unknown}
Potions
 f - 5 potions of degeneration {unknown}
 h - 2 potions of curing {unknown}
 o - a potion of ambrosia {unknown}
 s - a potion of cancellation {unknown}
 u - a potion of heal wounds
 v - a potion of flight {unknown}
 w - 3 potions of lignification {unknown}
 x - 2 potions of brilliance {unknown}
 A - a potion of invisibility {unknown}
 C - a potion of resistance {unknown}
 D - a potion of attraction {unknown}


   Skills:
 + Level 5.0 Fighting
 + Level 6.0 Maces & Flails
 + Level 3.6 Armour
 + Level 3.0 Dodging
 + Level 0.2 Stealth


You had 6 spell levels left.
You didn't know any spells.
Your spell library was empty.

Dungeon Overview and Level Annotations

Branches:
Dungeon (4/15)
 Temple: D:4-7

Altars:
Hepliaklqana

Shops:
D:1 :


Innate Abilities, Weirdness & Mutations

You are immune to sickness and miasma.
Your stone body is resilient. (AC +4)
You are immune to poison.
You resist negative energy. (rN+)
You are resistant to electric shocks. (rElec)
You are resistant to unholy torment.
You are immune to petrification.


Message History

Items here: )))))))))))) [[[ ÷÷÷÷÷÷.
Okay, then.
Items here: ))))) ÷÷÷.
Items here: ))))) ÷÷÷.
Items here: )))))))))))) [[[ ÷÷÷÷÷÷.
Found an escape hatch in the ceiling.
Found a leather armour.
Found a stone staircase leading down.
Found a stone staircase leading up.
A jelly comes into view.
The jelly quivers.
The jelly closely misses you.
You hit the jelly. The acid corrodes you!
Your hands burn!
The jelly is moderately wounded.
The jelly hits you.
You are splashed with acid.
You completely miss the jelly.
The jelly is moderately wounded.
The jelly barely misses you.
You hit the jelly. The acid corrodes you!
Your hands burn!
The jelly is heavily wounded.
The jelly hits you but does no damage.
You barely miss the jelly.
The jelly is heavily wounded.
The jelly closely misses you.
You hit the jelly but do no damage. The acid corrodes you!
Your hands burn!
The jelly is heavily wounded.
The jelly hits you but does no damage.
You hit the jelly but do no damage.
Your hands burn!
The jelly is heavily wounded.
The jelly hits you.
You are splashed with acid!
You hit the jelly but do no damage.
Your hands burn!
The jelly is heavily wounded.
The jelly hits you. The acid corrodes you!
You are splashed with acid!
* * * LOW HITPOINT WARNING * * *
You completely miss the jelly.
The jelly is heavily wounded.
The jelly hits you.
* * * LOW HITPOINT WARNING * * *
The acid corrodes you!
You are splashed with acid!
You die...

#.###.#######.###.##
#.....# #......#
..#.### #......#
###.# #......# ....#
##......# #####
##.#.>...# .. #
##.###..######.## #
#.## ##..<......# #
##.###.@######..## #
##.#.#J# .....##### #
##.##.# #.##...... #
####.#######.########
# #.#.......########
####
#.#.######........
...##### #.#.#
#)####### .......#
#.#.# #.# ##.###.#
#.# #.#


You could see a jelly.

Vanquished Creatures
  An ogre (D:4)
  A phantom (D:4)
  A howler monkey (D:4)
  A jelly (D:4)
  Ijyb (D:4)
  Natasha (D:3)
  Robin (D:4)
  4 gnolls (D:4)
  An adder (D:2)
  5 shadow imps (D:4)
  6 white imps (D:4)
  3 ufetubi
  2 worms
  4 dart slugs
  2 orcs (D:3)
  An endoplasm (D:1)
  2 giant cockroaches
  22 goblins
  13 hobgoblins
  7 jackals
  8 kobolds
  3 quokkas
  7 ball pythons
  5 bats
  6 frilled lizards
  3 rats
111 creatures vanquished.

Notes
Turn   | Place    | Note
-------+----------+-------------------------------------------
     0 | D:1      | KittyFluff the Gargoyle Berserker began the quest for the
                  | Orb.
     0 | D:1      | Reached XP level 1. HP: 14/14 MP: 1/1
    63 | D:1      | Reached XP level 2. HP: 11/19 MP: 2/2
    80 | D:1      | Found Keqov's Book Boutique.
   496 | D:1      | Reached ** piety under Trog
   497 | D:1      | Reached XP level 3. HP: 11/24 MP: 3/3
  1112 | D:2      | Found a hazy altar of Hepliaklqana.
  1400 | D:2      | Found a faded altar of an unknown god.
  1621 | D:2      | Reached XP level 4. HP: 29/29 MP: 4/4
  1788 | D:3      | Noticed Natasha
  2088 | D:3      | Reached skill level 4 in Maces & Flails
  2451 | D:3      | Killed Natasha
  2455 | D:3      | Reached XP level 5. HP: 22/33 MP: 5/5
  2860 | D:4      | Noticed a phantom
  3006 | D:4      | Killed a phantom
  3240 | D:4      | Reached skill level 5 in Maces & Flails
  3250 | D:4      | Reached XP level 6. HP: 35/39 MP: 6/6
  3982 | D:4      | Reached *** piety under Trog
  4051 | D:4      | Noticed Robin
  4056 | D:4      | Reached XP level 7. HP: 44/44 MP: 7/7
  4099 | D:4      | Killed Robin
  4114 | D:4      | Noticed Ijyb
  4145 | D:4      | Killed Ijyb
  4146 | D:4      | Reached skill level 5 in Fighting
  4146 | D:4      | Reached skill level 6 in Maces & Flails
  4515 | D:4      | HP: 2/44 [jelly (3)]
  4515 | D:4      | Splashed by a jelly's acid

Illustrated notes

Levels and vault maps discovered:
D:1:      dpeg_arrival_stonehenge_8_columns, layout_loops_ring, serial_shops,
          nicolae_shop_waterfront
D:2:      layout_basic, chequers_ecumenical_altar_simple_redux, basic_altar,
          grunt_decor_fettered
D:3:      layout_basic, minmay_misc_feat_chi, dk_noncrumbling_2,
          hangedman_glass_garden, minmay_box_of_dots, uniq_natasha
D:4:      layout_loops_ring, serial_demonic, serial_demonic_f, serial_demonic_a,
          serial_demonic_d, serial_demonic_c, uniq_robin, uniq_ijyb

Skill      XL: |  1  2  3  4  5  6  7 |
---------------+----------------------+-----
Fighting       | 4 5 |  5.0
Dodging        | 2 3 |  3.0
Maces & Flails | 4 5 6 |  6.0
Armour         | 3 |  3.6
Stealth        | |  0.2

Action                   |  1- 3 |  4- 6 |  7- 9 || total
-------------------------+-------+-------+-------++-------
Melee: Mace              |   106 |   238 |    97 ||   441
       Punch             |     2 |       |     1 ||     3
Invok: Berserk           |       |       |     1 ||     1
  Use: Scroll            |     1 |       |       ||     1
Armor: Animal skin       |    19 |       |       ||    19
       Leather armour    |    22 |   105 |    42 ||   169
Dodge: Dodged            |    80 |   186 |    46 ||   312
